 Dungeon Crawl Stone Soup version bcrawl-1.37.2 (webtiles) character file.

Game seed: 11810587164824294567

6531610 Mehrunes the Slayer (level 24, -4/241 HPs)
             Began as a Red Draconian Fire Elementalist on Nov 13, 2022.
             Was the Champion of Ashenzari.
             Slain by a bone dragon (12 damage)
             ... on level 3 of the Abyss on Nov 15, 2022.
             The game lasted 05:30:07 (77299 turns).

Mehrunes the Slayer (DrFE)                         Turns: 77299, Time: 05:30:07

Health: -4/241     AC: 32    Str: 11    XL:     24   Next: 77%
Magic:  36/37      EV: 20    Int: 31    God:    Ashenzari [******]
Gold:   2187       SH: 13    Dex: 12    Spells: 0/53 levels left

rFire    + . .     GDR:     37% V - +7 sceptre of Torment {pain, torment}
rCold    + . .     SeeInvis +   Q - +4 buckler {reflect} (curse)
rNeg     + + .     Gourm    .   (armour unavailable)
rPois    ∞         Faith    .   Z - +2 hat (curse)
rElec    +         Spirit   .   G - +2 cloak (curse)
rCorr    .         Reflect  +   (gloves currently unavailable)
MR       ++...     Clarity  +   (boots currently unavailable) Stlth +++.......Rnd*Tele +
                                U - amulet of magic regeneration (curse)
HPRegen  1.50/turn              J - ring of protection from cold (curse)
MPRegen  0.75/turn              m - ring "Ligarchu" {*Slow rPois rN+ MR+ Int+8}

@: statue-form (expiring), regenerating, hasted, studying Charms, quick
A: (breathe fire), unfitting armour, [berserk 1], [blurry vision 1], clever 1,
[clumsy 1], deterioration 1, [dopey 2], fire resistance 1, [frail 2], [low mp
1], sense surroundings 1, [teleportitis 1], cold-blooded, [subdued magic 2],
MP-powered wands, AC +12
}: 3/15 runes: serpentine, barnacled, abyssal
a: End Transformation, Curse Item, Scrying, Transfer Knowledge, Renounce
Religion


You were on level 3 of the Abyss.
You worshipped Ashenzari.
Ashenzari was exalted by your worship.
You were not hungry.
You were a stone statue.
You visited 10 branches of the dungeon, and saw 41 of its levels.
You visited the Abyss 3 times.
You also visited: Ice Cave.

You collected 7795 gold pieces.
You spent 5608 gold pieces at shops.

Inventory:

Hand Weapons
 V - the +7 sceptre of Torment (weapon) {pain, torment}
   (You found it on level 3 of the Shoals)

   In the hands of one skilled in necromantic magic, it inflicts extra damage on
   living creatures.
Armour
 B - a +2 pair of gloves (melded)
 G - a cursed +2 cloak (worn)
 Q - a cursed +4 buckler of reflection (worn)
 Y - a +2 pair of boots of flying (melded)
 Z - a cursed +2 hat (worn)
Magical Staves
 f - an uncursed staff of power
 q - an uncursed staff of death
 v - an uncursed staff of wizardry
 w - an uncursed staff of fire
 y - an uncursed staff of earth
Jewellery
 i - the ring "Ditte" {rF+ MR+ rCorr SInv}
   (You took it off an ogre mage on level 1 of the Depths)

   [ring of resist corrosion]

   It protects you from fire.
   It affects your resistance to hostile enchantments.
   It lets you see invisible.
   It provides partial protection from all sources of acid and corrosion.
 k - the cursed amulet "Wuosehim" {Faith *Drain rElec rF+}
   (You acquired it on level 2 of the Vaults)

   [amulet of faith]

   It allows you to gain divine favour quickly.
   It protects you from fire.
   It insulates you from electricity.
   It causes draining when unequipped.
   It has a curse placed upon it.
 m - the ring "Ligarchu" (right hand) {*Slow rPois rN+ MR+ Int+8}
   (You found it on level 2 of the Crypt)

   [ring of positive energy]

   It affects your intelligence (+8).
   It protects you from poison.
   It protects you from negative energy.
   It affects your resistance to hostile enchantments.
   It may slow you when you take damage.
 p - an uncursed ring of positive energy
 s - an uncursed ring of protection from magic
 x - an uncursed ring of protection from fire
 J - a cursed ring of protection from cold (left hand)
 K - a +5 ring of dexterity
 U - a cursed amulet of magic regeneration (around neck)
 W - the ring of Ownikafu {Ice rPois}
   (You took it off Fannar on level 10 of the Dungeon)

   [ring of ice]

   It enhances your ice magic.
   It makes you vulnerable to fire.
   It protects you from cold.
   It protects you from poison.
 X - the ring "Coqisoy" {Wiz rN+++ Dex-5 Slay+4 SInv}
   (You bought it in a shop on level 1 of the Shoals)

   [ring of wizardry]

   It improves your spell success rate.
   It affects your dexterity (-5).
   It affects your accuracy and damage with ranged weapons and melee attacks
   (+4).
   It renders you almost immune to negative energy.
   It lets you see invisible.
Wands
 a - a wand of polymorph (19) {pickup}
 j - a wand of paralysis (8)
 r - a wand of digging (7)
 F - a wand of acid (25)
 I - a wand of iceblast (52)
 M - a wand of disintegration (45)
 O - a wand of random effects (23)
 S - a wand of flame (49)
Scrolls
 b - 8 scrolls of magic mapping
 g - 15 scrolls of remove curse
 l - 4 scrolls of amnesia
 L - 2 scrolls of blinking
 N - 6 scrolls of immolation
Potions
 c - 2 potions of mutation
 n - 16 potions of curing
 o - 5 potions of resistance
 u - 2 potions of cancellation
 A - 3 potions of magic
 D - 3 potions of agility
 E - 3 potions of might
Miscellaneous
 d - a sack of spiders
 h - a fan of gales (2/2)
 t - a box of beasts
 C - a phial of floods
 P - a lamp of fire
 R - a lightning rod (4/4)
 T - 2 phantom mirrors
Comestibles
 e - 28 rations {!d}


   Skills:
 - Level 22.7(24.8) Fighting
 - Level 15.5(18.2) Maces & Flails
 - Level 13.9(16.7) Dodging
 - Level 2.0(4.3) Stealth
 - Level 13.7(16.4) Shields
 - Level 15.1(17.9) Spellcasting
 - Level 8.2(11.3) Conjurations
 - Level 1.8(4.2) Charms
 - Level 5.8(9.0) Summonings
 - Level 14.3(17.0) Necromancy
 - Level 2.4(5.0) Transmutations
 - Level 16.1(18.5) Fire Magic
   Level 3.6(6.7) Ice Magic
 - Level 1.8(4.1) Air Magic
 + Level 14.2(17.0) Earth Magic
 - Level 10.3(13.2) Evocations


You couldn't memorise any spells.
You knew the following spells:

 Your Spells              Type           Power        Failure   Level  Hunger
a - Death Channel         Chrm/Necr      ######....   1%          6    None
b - Borgnjor's Vile Clut  Necr/Erth      ######....   1%          6    None
c - Haunt                 Necr/Summ      ######....   4%          7    ###....
d - Fireball              Conj/Fire      ######....   1%          5    None
e - Ignition              Fire           ######....   3%          8    #####..
f - Statue Form           Tmut/Erth      ######...    1%          6    None
g - Deflect Missiles      Chrm/Air       ####......   41%         6    None
h - Regeneration          Chrm/Necr      ######....   0%          3    None
i - Iron Shot             Conj/Erth      ######....   1%          6    None

Your spell library contained the following spells:

 Spells                   Type           Power        Failure   Level  Hunger
 Flame Tongue             Conj/Fire      #####        0%          1    None
 Magic Dart               Conj           ####         0%          1    None
 Sandblast                Erth           ######       0%          1    None
 Summon Butterflies       Summ           ######..     0%          1    None
 Summon Small Mammal      Summ           ####         0%          1    None
 Call Imp                 Summ           ######       0%          2    None
 Corpse Rot               Necr           N/A          0%          2    None
 Flaming Arrows           Chrm/Fire      ######..     0%          2    None
 Passwall                 Tmut/Erth      ######..     0%          2    None
 Searing Ray              Conj           ######..     0%          2    None
 Sublimation of Blood     Necr           ######....   0%          2    None
 Throw Frost              Conj/Ice       ######       0%          2    None
 Conjure Flame            Conj/Fire      ######..     0%          3    None
 Iskenderun's Mystic Bla  Conj           ######..     0%          3    None
 Stone Arrow              Conj/Erth      ######       0%          3    None
 Agony                    Necr           ######..     0%          4    None
 Sticky Flame             Conj/Fire      ######..     0%          4    None
 Lee's Rapid Deconstruct  Erth           ######....   0%          5    None
 Apportation              Tloc           ###...       1%          1    None
 Blink Other              Tloc           ###...       1%          1    None
 Corona                   Hex            ###....      1%          1    None
 Freeze                   Ice            #####.       1%          1    None
 Infusion                 Chrm           ####....     1%          1    None
 Slow                     Hex            ###.....     1%          1    None
 Static Discharge         Air            ####..       1%          1    None
 Sting                    Conj/Pois      ####         1%          1    None
 Blink                    Tloc           N/A          1%          2    None
 Poisonous Vapours        Pois/Air       ####..       1%          2    None
 Shock                    Conj/Air       #####..      1%          2    None
 Song of Slaying          Chrm           ####....     1%          2    None
 Swiftness                Chrm/Air       ####....     1%          2    None
 Call Canine Familiar     Summ           ######..     1%          3    None
 Ignite Poison            Fire/Tmut/Pois #####...     1%          3    None
 Inner Flame              Hex/Fire       N/A          1%          3    None
 Mephitic Cloud           Conj/Pois/Air  #####...     1%          3    None
 Ozocubu's Armour         Chrm/Ice       #####...     1%          3    None
 Recall                   Summ/Tloc      N/A          1%          3    None
 Spectral Weapon          Hex/Chrm       ####....     1%          3    None
 Spider Form              Tmut/Pois      ###          1%          3    None
 Airstrike                Air            ####......   1%          4    None
 Fulminant Prism          Conj/Hex       #####.....   1%          4    None
 Ice Form                 Ice/Tmut       #####...     1%          4    None
 Lightning Bolt           Conj/Air       #####...     1%          4    None
 Petrify                  Tmut/Erth      ######....   1%          4    None
 Summon Ice Beast         Ice/Summ       #####...     1%          4    None
 Summon Scorpions         Summ/Pois      ####....     1%          4    None
 Throw Icicle             Conj/Ice       ######..     1%          4    None
 Bolt of Draining         Conj/Necr      ######....   1%          5    None
 Bolt of Magma            Conj/Fire/Erth ######....   1%          5    None
 Irradiate                Conj/Tmut      #####.....   1%          5    None
 Iskenderun's Battlesphe  Conj/Chrm      #####...     1%          5    None
 Summon Demon             Summ           ######....   1%          5    None
 Simulacrum               Ice/Necr       ######..     1%          6    None
 Beckoning                Tloc           ###.......   3%          3    None
 Portal Projectile        Tloc           ###...       3%          3    None
 Teleport Other           Tloc           ###.....     3%          3    None
 Tukima's Dance           Hex            ###.....     3%          3    None
 Freezing Cloud           Ice/Air        #####...     3%          5    None
 Venom Bolt               Conj/Pois      #####.....   3%          5    None
 Aura of Abjuration       Summ           ######....   4%          6    None
 Summon Hydra             Summ           ######....   4%          6    None
 Summon Forest            Summ/Tloc      ####......   5%          5    None
 Summon Mana Viper        Hex/Summ       ####....     5%          5    None
 Borgnjor's Revivificati  Necr           ######....   8%          8    #####..
 Ozocubu's Refrigeration  Ice            #####.....   13%         6    None
 Olgreb's Toxic Radiance  Pois           ###......    14%         4    None
 Poison Arrow             Conj/Pois      #####.....   21%         6    None
 Icicle Burst             Conj/Ice       ######....   30%         7    ###....
 Monstrous Menagerie      Summ           ######....   30%         7    ###....
 Shadow Creatures         Summ           N/A          30%         7    ###....
 Passage of Golubria      Tloc           N/A          41%         5    None
 Necromutation            Tmut/Necr      ######..     73%         8    #####..
 Shatter                  Erth           ######....   83%         9    ######.
 Invisibility             Hex            ###.....     95%         6    None


Dungeon Overview and Level Annotations

Branches:
Dungeon (12/12)            Temple (0/1) D:5            Lair (6/6) D:7
 Shoals (3/3) Lair:3        Snake (3/3) Lair:2        Slime (4/5) Lair:5
    Orc (1/1) D:8             Elf (3/3) Orc          Vaults (2/3) D:12
  Crypt (2/2) Vaults:2       Tomb (0/3) Crypt:2      Depths (5/5) D:12
    Zot: Depths:5

Altars:
Ashenzari
Cheibriados
Elyvilon
Gozag
Kikubaaqudgha
Qazlal
Sif Muna
Yredelemnul
Zin
The Shining One
Jiyva

Shops:
Orc !*:[!   Elf:1 *   Elf:2 *   Shoals:1 =   Vaults:1 [(*   Vaults:2 *
Depths:2 =}}   Depths:4 }(*

Portals:
Hell: Depths:1 Depths:2 Depths:3 Depths:4
Abyss: Depths:3 Depths:4
Pandemonium: Depths:3 Depths:4
Ziggurat: Depths:3

Annotations:
Lair:4 exclusions: elephant, fungus and 14 more exclusions
Elf:2 3 runed doors, exclusion: 3 doors
Depths:1 exclusion: door
Depths:2 1 exclusion
Depths:4 1 exclusion


Innate Abilities, Weirdness & Mutations

((You can breathe blasts of fire.))
((Your fiery red scales are hard. (AC +12)))
You cannot fit into any form of body armour.
Your flesh is heat resistant. (rF+)
You are cold-blooded and may be slowed by cold attacks.
Your mind is acute. (Int +2)
Your body sometimes deteriorates upon taking damage.
You passively map a small area around you.
You expend magic power (3 MP) to strengthen your wands.
[You tend to lose your temper in combat.]
[Scrolls take you a little longer to read.]
[You are clumsy. (Dex -2)]
[You are very dopey. (Int -4)]
[You are very frail. (-20% HP)]
[Your magical capacity is low. (-10% MP)]
[You are occasionally teleported next to monsters.]
[Your spells are easier to cast, but less powerful.]


Message History

Confirm with . or Enter, or press ? or * to list all spells.
Your skin crawls.
A chorus of shrieks assaults your mind.
* * * LOW HITPOINT WARNING * * *
A starcursed mass splits.
The lich points at you and mumbles some strange words.
You resist. The bolt of lightning hits you!
* * * LOW HITPOINT WARNING * * *
The bone dragon closely misses you.
The bone dragon claws you but does no damage.
The bone dragon completely misses you.
You feel yourself speed up.
The bone dragon bites you but does no damage.
The bone dragon misses you. The bone dragon barely misses you.
A chorus of shrieks assaults your mind.
* * * LOW HITPOINT WARNING * * *
The lich gestures wildly while chanting.
The lich seems to speed up.
You block the bone dragon's attack. The bone dragon claws you!
You die...

..#, *.,.#* ,...#.{ ,
,,,, ,., #,.*.
##.∆..... ,, *,*, ,
#* ,,*,, #. {#... **,
,, , #
,.,*##..,###X.# , ***
,, ,. .,# ...
##....** ###,, ,
..**#...###..X.##
.... , , , #*.. #.
##.....X.#..... ,,,,,
.
.#.........#..#......
,, , ##
.#,..†.....D8.......
, ,, , **
#.......#...........,
,, * **
..,#..)†..........#,
, ,* +
#+#.∩............L. ,
* ,+
'....††)........... ,
, *+*+ .
.......#..#..###*, ,
, + + +.........##.##
*, , * *+
##.#....###,.#, ,,, ,
+, ##...##. , *, ,*
*, ,,


You could see a bone dragon, 3 starcursed masses and a lich.

Vanquished Creatures
  A juggernaut (Depths:4)
  An ancient lich (Crypt:2)
  2 Killer Klowns (Depths:4)
  Vashnia (Snake:3)
  A profane servitor (Abyss:2)
  Frances (Lair:2)
  5 liches
  A deep elf master archer (Elf:3)
  2 deep elf blademasters (Elf:3)
  Asterion (Elf:1)
  2 tentacled starspawn
  16 acid blobs
  A sphinx (Depths:4)
  2 ancient champions (Crypt:1)
  Kirke (Snake:2)
  A tengu reaver (Depths:4)
  8 nagarajas
  A thorn hunter (Abyss:3)
  4 ghouls
  Donald (Shoals:1)
  A storm dragon (Depths:4)
  An apis (Depths:3)
  11 azure jellies
  3 fire giants
  5 frost giants
  3 war gargoyles (Crypt:2)
  A ghost moth (Abyss:3)
  An iron dragon (Depths:4)
  6 deep elf sorcerers
  Louise (D:12)
  A deep elf elementalist (Elf:3)
  6 vault wardens
  3 ironheart preservers (Vaults:1)
  11 stone giants
  3 spriggan defenders (Depths:3)
  2 vampire knights
  An eye of devastation (Depths:2)
  15 very ugly things
  An ophan (Depths:3)
  7 deep elf demonologists
  A purple draconian (Abyss:3)
  2 spark wasps
  A lorocyproca (Abyss:2)
  5 deep elf annihilators
  A yellow draconian (Abyss:3)
  2 entropy weavers
  9 dire elephants
  A white draconian (Abyss:2)
  3 deep elf death magi
  A blizzard demon (Abyss:2)
  5 fire dragons
  2 crystal guardians
  4 merfolk javelineers (Shoals:3)
  7 ettins
  2 jiangshi (Crypt:1)
  8 merfolk impalers
  2 deep elf high priests (Elf:3)
  7 yaktaur captains
  Fannar (D:10)
  8 vault guards
  11 rakshasas
  5 ice dragons
  11 naga warriors
  9 hydras
  A hell beast (Depths:3)
  2 alligator snapping turtles
  3 catoblepae (Lair:6)
  A merfolk aquamancer (Shoals:2)
  8 anacondas
  An anaconda (shapeshifter) (Depths:3)
  7 great orbs of eyes
  A death ooze (Slime:1)
  30 two-headed ogres
  A merfolk avatar (Shoals:3)
  17 dancing weapons
  3 ironheart beastmasters
  14 ogre magi
  7 sea snakes
  10 thrashing horrors
  15 death yaks
  4 deep troll shamans
  A vampire mage (Crypt:1)
  2 spriggan berserkers
  6 tengu warriors
  3 deep troll earth magi
  5 orc high priests (Orc)
  20 naga sharpshooters
  A storm dragon zombie (Vaults:1)
  A sun demon (Abyss:1)
  Nergalle (D:10)
  12 deep elf knights
  5 shock serpents
  10 centaur warriors
  2 soul eaters (Crypt:1)
  An iron troll (Depths:1)
  A titan skeleton (Crypt:2)
  A spatial maelstrom (Abyss:3)
  3 salamander mystics
  14 wretched stars
  7 deep trolls
  3 hell knights (Crypt:2)
  29 skeletal warriors
  2 storm dragon skeletons
  A fire crab (Abyss:3)
  4 sixfirhies
  2 flayed ghosts
  4 glowing orange brains
  A torturous demonspawn (Depths:3)
  3 wolf spider zombies
  A goliath frog (Lair:5)
  2 unseen horrors
  4 deep elf archers
  2 swamp dragons (Abyss:3)
  A shadow dragon zombie (Crypt:1)
  8 naga ritualists
  7 ironheart convokers
  9 orc knights
  8 harpies (Shoals:3)
  3 phantasmal warriors (Crypt:1)
  11 necromancers
  12 wizards
  An anaconda skeleton (Crypt:2)
  10 cyclopes
  3 apocalypse crabs (Abyss:3)
  12 mana vipers
  5 oklob plants
  3 wolf spiders
  An orc sorcerer (Elf:3)
  4 fauns (Shoals:1)
  A stone giant zombie (Crypt:2)
  49 deep elf magi
  3 worldbinders
  4 shining eyes
  A tengu skeleton (Vaults:1)
  17 manticores
  15 salamanders
  12 elephants
  20 ugly things
  41 black mambas
  8 guardian serpents
  An iron dragon skeleton (Crypt:1)
  6 water nymphs
  4 ice statues (IceCv)
  Joseph (D:10)
  8 merfolk sirens
  3 vault sentinels
  6 will-o'-wisps (Abyss:2)
  5 orange demons
  20 naga magi
  A rust devil (Depths:3)
  A stone giant skeleton (Vaults:1)
  11 cane toads
  9 smoke demons
  2 gargoyles
  2 torpor snails
  5 rime drakes
  A freezing wraith (Vaults:2)
  2 black mambas (shapeshifter)
  A kobold demonologist (D:10)
  An alligator snapping turtle skeleton (Crypt:1)
  31 yaktaurs
  12 ice devils
  3 komodo dragons
  A red devil (Depths:4)
  29 flying skulls
  A komodo dragon (shapeshifter) (Depths:2)
  2 human skeletons (Vaults:1)
  A yaktaur (shapeshifter) (Vaults:2)
  3 guardian mummies (Depths:1)
  19 merfolk
  A tormentor (Abyss:3)
  8 ancient zymes
  2 hellwings
  2 trolls
  A yaktaur skeleton (Vaults:1)
  6 wind drakes
  A polar bear (Lair:6)
  2 hornets (shapeshifter)
  2 harpy skeletons
  18 blink frogs
  4 hornets
  A bog body (Crypt:1)
  87 slime creatures
  19 large abominations
  An ice dragon zombie (Crypt:2)
  28 raiju
  3 dream sheep (Shoals:1)
  16 hippogriffs
  A frost giant simulacrum (Vaults:1)
  5 snapping turtles
  A meliai zombie (D:12)
  A stone giant simulacrum (Vaults:2)
  An ettin zombie (Vaults:1)
  2 ice dragon skeletons (Crypt:1)
  An air elemental (Elf:1)
  11 water elementals
  3 spriggans
  6 shadows
  2 tarantellas (shapeshifter)
  3 wyverns
  A satyr skeleton (Crypt:1)
  5 ynoxinuls
  5 wraiths
  A human (shapeshifter) (Abyss:3)
  A fire dragon skeleton (Crypt:2)
  A golden eye (shapeshifter) (Abyss:2)
  66 yaks
  3 hogs
  6 fire elementals
  2 basilisks
  3 chaos spawn
  8 golden eyes
  2 hungry ghosts
  5 neqoxecs
  A warg (shapeshifter) (Vaults:1)
  A naga (shapeshifter) (Vaults:1)
  63 nagas
  2 acid dragons
  5 spatial vortices
  Edmund (D:4)
  10 crocodiles
  A hell hound (Abyss:3)
  An acid dragon (shapeshifter) (Depths:4)
  An ogre skeleton (Vaults:1)
  14 water moccasins
  A merfolk skeleton (Crypt:1)
  11 porcupines
  2 ice beasts
  A sky beast (D:7)
  A hornet zombie (D:11)
  36 orc warriors
  A phantom (D:12)
  3 black bears
  17 boggarts
  5 necrophages
  34 wolves
  20 ogres
  A kobold brigand (D:10)
  4 bullfrogs
  17 small abominations
  4 centaurs
  An elf skeleton (Abyss:3)
  An earth elemental (Elf:1)
  A cyclops skeleton (Crypt:1)
  A wyvern skeleton (D:7)
  4 scorpions
  8 killer bees
  8 wights
  6 howler monkeys
  6 electric eels
  24 orc priests
  4 crimson imps
  7 hounds
  A bullfrog zombie (D:7)
  43 starcursed masses
  6 quasits
  2 draconian simulacra (IceCv)
  4 iron imps
  14 orc wizards
  2 bullfrog skeletons (D:4)
  5 jellies
  A yaktaur simulacrum (Vaults:1)
  An iguana (D:10)
  9 worker ants
  A porcupine skeleton (Crypt:1)
  2 troll simulacra (IceCv)
  2 killer bee zombies
  A hound skeleton (D:4)
  4 mummies (Depths:1)
  A worker ant zombie (D:10)
  Robin (D:3)
  A howler monkey skeleton (D:8)
  3 naga simulacra (IceCv)
  14 adders
  4 gnolls (D:6)
  2 ogre simulacra (IceCv)
  5 shadow imps
  3 white imps
  2 ufetubi
  A centaur simulacrum (IceCv)
  2 oozes (Lair:5)
  An oni zombie (Crypt:1)
  2 adder skeletons (D:5)
  2 adder zombies (D:5)
  2 worms (D:3)
  2 dart slugs
  6 leopard geckos
  72 orcs
  5 ball pythons
  5 bats
  14 giant cockroaches
  7 goblins
  5 hobgoblins
  19 jackals
  A quokka (D:5)
  3 frilled lizards
  A jackal skeleton (D:7)
  16 kobolds
  An orc skeleton (Crypt:1)
  A quokka skeleton (D:6)
  5 rats
  A bush (Lair:4)
  3 fungi
  2 lurking horrors (Abyss:3)
  27 plants
  4 starspawn tentacles
2005 creatures vanquished.

Vanquished Creatures (collateral kills)
  2 golden dragons (Depths:4)
  A rockslime (Depths:3)
  A pearl dragon (Depths:3)
  A bone dragon (Crypt:2)
  A tentacled monstrosity (Depths:4)
  A shadow dragon (Depths:4)
  A ghoul (Crypt:2)
  2 tengu reavers (Depths:4)
  A storm dragon (Depths:4)
  A frost giant (Depths:2)
  2 iron dragons (Depths:4)
  A war gargoyle (Crypt:2)
  A fire giant (Depths:4)
  A vampire knight (Crypt:2)
  A deep elf demonologist (Elf:3)
  A green death (Depths:4)
  An ettin (Depths:4)
  A deep elf death mage (Depths:3)
  A merfolk impaler (Depths:4)
  2 crystal guardians (Crypt:2)
  A fire dragon (Depths:3)
  2 great orbs of eyes
  A rakshasa (Depths:4)
  A deep troll shaman (Depths:2)
  3 ogre magi (Depths:1)
  A tengu warrior (Depths:1)
  A spriggan berserker (Depths:3)
  2 vampire magi (Crypt:1)
  5 deep trolls
  8 hell knights
  2 skeletal warriors (Crypt:2)
  An anaconda zombie (Crypt:2)
  A salamander mystic (Depths:3)
  3 flayed ghosts
  A spatial maelstrom (Abyss:2)
  A gelid demonspawn (Depths:4)
  2 wizards (Depths:1)
  3 necromancers
  2 ugly things (Depths:1)
  5 salamanders
  A dire elephant zombie (Crypt:2)
  A black mamba (Snake:1)
  A cane toad (shapeshifter) (Depths:1)
  2 rust devils
  A dire elephant skeleton (Crypt:2)
  3 flying skulls (Crypt:2)
  A guardian mummy (Depths:1)
  2 yaktaurs
  2 hornets (Depths:3)
  2 slime creatures (Depths:4)
  A harpy skeleton (Crypt:2)
  A hydra skeleton (Crypt:2)
  3 water elementals (Depths:4)
  An ettin skeleton (Crypt:2)
  2 spriggans (Depths:3)
  A floating eye (Depths:1)
  A plant (Depths:4)
96 creatures vanquished.

Vanquished Creatures (others)
  A lich (Depths:1)
  A deep elf master archer (Elf:3)
  A deep elf sorcerer (Elf:3)
  A fire giant (Depths:2)
  Nessos (D:12)
  A deep elf death mage (Elf:3)
  2 yaktaur captains (Vaults:2)
  A thrashing horror (Abyss:3)
  2 naga sharpshooters
  2 centaur warriors
  2 cyclopes
  2 fauns (Shoals:1)
  2 flying skulls (Crypt:2)
  6 yaktaurs
  A merfolk (Shoals:2)
  A wraith (Abyss:3)
  An orc warrior (Orc)
  3 wolves (Lair:5)
  A starcursed mass (Abyss:3)
  An orc (Orc)
  A briar patch (Abyss:3)
  A bush (Lair:6)
  32 fungi
  A lurking horror (Abyss:3)
  78 plants
  6 spectral weapons
  2 starspawn tentacles (Abyss:3)
154 creatures vanquished.

Grand Total: 2255 creatures vanquished

Notes
Turn   | Place    | Note
-------+----------+-------------------------------------------
     0 | D:1      | Mehrunes the Draconian Fire Elementalist began the quest
                  | for the Orb.
     0 | D:1      | Reached XP level 1. HP: 14/14 MP: 3/3
   270 | D:1      | Reached XP level 2. HP: 20/20 MP: 3/5
  1094 | D:2      | Reached XP level 3. HP: 24/26 MP: 2/6
  1485 | D:2      | Learned a level 3 spell: Conjure Flame
  2055 | D:3      | Reached XP level 4. HP: 33/33 MP: 2/8
  2422 | D:3      | Learned a level 4 spell: Sticky Flame
  2629 | D:3      | Noticed Robin
  2667 | D:3      | Killed Robin
  3131 | D:4      | Noticed an orc warrior
  3180 | D:4      | Reached XP level 5. HP: 38/38 MP: 1/9
  3222 | D:4      | Noticed Edmund
  3429 | D:4      | Found a shattered altar of Ashenzari.
  3572 | D:4      | Became a worshipper of Ashenzari the Shackled
  3573 | D:4      | Found the cursed amulet of Vision {SInv *Curse}
  3642 | D:4      | Killed an orc warrior
  3643 | D:4      | Reached XP level 6. HP: 44/45 MP: 4/11
  3693 | D:4      | Found a glowing silver altar of Zin.
  3857 | D:4      | Reached skill level 5 in Fire Magic
  3965 | D:4      | Killed Edmund
  3966 | D:4      | Your scales start taking on a fiery red colour.
  3966 | D:4      | Reached XP level 7. HP: 37/50 MP: 2/13
  3966 | D:4      | Gained mutation: Your flesh is heat resistant. (rF+) [Red
                  | Draconian growth]
  4258 | D:4      | Learned a level 5 spell: Fireball
  4259 | D:5      | Entered Level 5 of the Dungeon
  4578 | D:5      | Found a staircase to the Ecumenical Temple.
  4665 | D:5      | Reached * piety under Ashenzari
  4832 | D:5      | Reached skill level 5 in Conjurations
  5605 | D:5      | Reached XP level 8. HP: 38/57 MP: 1/14
  6663 | D:6      | Reached ** piety under Ashenzari
  6708 | D:6      | Noticed a hippogriff
  6714 | D:6      | Killed a hippogriff
  6870 | D:6      | Reached skill level 1 in Fighting
  6870 | D:6      | Reached skill level 1 in Long Blades
  7118 | D:7      | Reached XP level 9. HP: 64/67 MP: 10/15
  7123 | D:7      | Reached skill level 2 in Fighting
  7123 | D:7      | Reached skill level 1 in Evocations
  7597 | D:7      | Found a staircase to the Lair.
  7597 | D:7      | Noticed a death yak
  7878 | D:7      | Noticed a death yak
  7888 | D:7      | Reached skill level 3 in Fighting
  7888 | D:7      | Killed a death yak
  7889 | D:7      | Reached skill level 4 in Fighting
  7889 | D:7      | Noticed a death yak
  7894 | D:7      | Killed a death yak
  7899 | D:7      | Killed a death yak
  7900 | D:7      | Reached skill level 5 in Fighting
  7900 | D:7      | Reached XP level 10. HP: 69/81 MP: 4/16
  8277 | D:7      | Noticed a centaur warrior
  8280 | D:7      | Noticed an orc knight
  8284 | D:7      | Killed a centaur warrior
  8285 | D:7      | Reached skill level 5 in Long Blades
  8285 | D:7      | Reached skill level 5 in Dodging
  8290 | D:7      | Killed an orc knight
  8291 | D:7      | Reached skill level 5 in Evocations
  8667 | D:8      | Noticed a two-headed ogre
  8707 | D:8      | Killed a two-headed ogre
  8708 | D:8      | Reached skill level 6 in Fighting
  8867 | D:8      | Found a basalt altar of Yredelemnul.
  9510 | D:8      | Noticed a gargoyle
  9517 | D:8      | Reached skill level 7 in Fighting
  9934 | D:8      | Killed a gargoyle
  9935 | D:8      | Reached XP level 11. HP: 80/92 MP: 11/17
 10030 | D:8      | Found a staircase to the Orcish Mines.
 10121 | Lair:1   | Entered Level 1 of the Lair of Beasts
 10506 | Lair:1   | Reached skill level 8 in Fighting
 10562 | Lair:1   | Reached *** piety under Ashenzari
 11119 | Lair:1   | Noticed a six-headed hydra
 11154 | Lair:1   | Killed a six-headed hydra
 11478 | Lair:1   | Reached skill level 5 in Shields
 11685 | Lair:2   | Reached skill level 9 in Fighting
 11849 | Lair:2   | Identified Urooteb's Volume of the Frigorific Oath
 11888 | Lair:2   | Reached **** piety under Ashenzari
 12099 | Lair:2   | Found a staircase to the Snake Pit.
 13584 | Lair:3   | Reached XP level 12. HP: 106/106 MP: 7/18
 13587 | Lair:3   | Reached skill level 10 in Fighting
 14286 | Lair:4   | Noticed a seven-headed hydra
 14290 | Lair:4   | Killed a seven-headed hydra
 14381 | Lair:4   | Noticed a death yak
 14724 | Lair:4   | Reached ***** piety under Ashenzari
 15182 | Lair:4   | Reached skill level 11 in Fighting
 15338 | Lair:4   | Noticed a five-headed hydra
 15501 | Lair:4   | Noticed an eight-headed hydra
 15507 | Lair:4   | Killed an eight-headed hydra
 15712 | Lair:4   | Noticed a death yak
 16307 | Lair:4   | Noticed a death yak
 16346 | Lair:3   | Killed a death yak
 16833 | Lair:4   | Killed a death yak
 16838 | Lair:4   | Killed a death yak
 17131 | Lair:5   | Noticed a four-headed hydra
 17154 | Lair:5   | Killed a four-headed hydra
 17254 | Lair:5   | Reached XP level 13. HP: 101/116 MP: 14/20
 17363 | Lair:5   | Found a viscous altar of Jiyva.
 17484 | Lair:5   | Found a staircase to the Slime Pits.
 17486 | Lair:5   | Found a viscous altar of Jiyva.
 17551 | Lair:5   | Reached skill level 5 in Spellcasting
 17906 | Lair:5   | Reached skill level 12 in Fighting
 18944 | Lair:6   | Entered Level 6 of the Lair of Beasts
 19666 | Lair:6   | Reached skill level 13 in Fighting
 19905 | Lair:6   | Reached XP level 14. HP: 85/129 MP: 2/25
 21025 | Lair:6   | Identified the ring of the Ant {*Corrode +Fly rC+ Stlth--}
 21287 | Lair:6   | Reached skill level 14 in Fighting
 21426 | Lair:6   | Identified the Guide on Igneous Confrontation
 21454 | Lair:6   | Learned a level 8 spell: Ignition
 22571 | D:9      | Found a snail-covered altar of Cheibriados.
 22571 | D:9      | Found a stormy altar of Qazlal.
 22903 | D:10     | Entered Level 10 of the Dungeon
 22965 | D:10     | Noticed Nergalle
 23791 | D:9      | Found a stormy altar of Qazlal.
 23792 | D:9      | Found a snail-covered altar of Cheibriados.
 23990 | D:10     | Noticed Joseph
 23995 | D:10     | Killed Joseph
 24011 | D:10     | Identified the ring of Ownikafu {Ice rPois}
 24011 | D:10     | Noticed Fannar
 24058 | D:10     | Killed Fannar
 24146 | D:10     | Reached skill level 10 in Fire Magic
 24510 | D:10     | Killed Nergalle
 25337 | D:11     | Reached XP level 15. HP: 121/139 MP: 12/28
 26019 | D:12     | Entered Level 12 of the Dungeon
 26085 | D:12     | Found a frozen archway.
 26099 | IceCv    | Entered an ice cave
 26994 | D:12     | Found a staircase to the Depths.
 27068 | D:12     | Noticed Louise
 27170 | D:12     | Reached skill level 10 in Spellcasting
 27684 | Orc      | Entered the Orcish Mines
 27793 | Orc      | Found a staircase to the Elven Halls.
 28035 | Orc      | Reached skill level 15 in Fighting
 28639 | Orc      | Found Cikkor's Distillery.
 29346 | Orc      | Found Momoot Ucloi's Assorted Antiques.
 29346 | Orc      | Found Musomoe's Distillery.
 29347 | Orc      | Found Zihoune's Book Boutique.
 29347 | Orc      | Found Uleatijepo's Antique Armour Shop.
 29567 | Orc      | Bought a phial of floods for 1120 gold pieces
 30027 | Snake:1  | Entered Level 1 of the Snake Pit
 30240 | Snake:1  | Noticed Frances
 31418 | Snake:1  | Reached XP level 16. HP: 149/149 MP: 19/30
 32317 | Snake:2  | Reached skill level 15 in Fire Magic
 32970 | Snake:2  | Noticed Kirke
 33121 | Snake:2  | Killed Kirke
 33460 | Snake:2  | Reached skill level 10 in Long Blades
 33671 | Snake:2  | Reached ****** piety under Ashenzari
 34051 | Snake:3  | Entered Level 3 of the Snake Pit
 35407 | Snake:3  | Reached XP level 17. HP: 145/158 MP: 7/31
 35965 | Snake:3  | Reached skill level 10 in Shields
 36170 | Snake:3  | Reached skill level 16 in Fighting
 36804 | Snake:3  | Reached skill level 10 in Dodging
 36933 | Snake:3  | Noticed Vashnia
 36957 | Snake:3  | Killed Vashnia
 37783 | Snake:3  | Got a serpentine rune of Zot
 38371 | Lair:2   | Killed Frances
 38910 | Lair:2   | Learned a level 3 spell: Spectral Weapon
 38918 | Lair:2   | Learned a level 6 spell: Deflect Missiles
 39098 | D:12     | Killed Louise
 39483 | D:12     | Noticed Nessos
 39485 | D:12     | Killed Nessos
 39486 | D:12     | Reached skill level 1 in Charms
 39854 | D:12     | Reached skill level 1 in Air Magic
 40036 | D:12     | Found a gate to the Vaults.
 40346 | Shoals:1 | Entered Level 1 of the Shoals
 40483 | Shoals:1 | Noticed Donald
 40506 | Shoals:1 | Killed Donald
 40948 | Shoals:1 | Reached XP level 18. HP: 121/168 MP: 28/33
 41172 | Shoals:1 | Found Jin Wepe's Jewellery Boutique.
 41838 | Shoals:2 | Learned a level 3 spell: Regeneration
 42871 | Shoals:3 | Entered Level 3 of the Shoals
 42878 | Shoals:3 | Reached skill level 17 in Fighting
 43037 | Shoals:2 | Gained mutation: [You tend to lose your temper in combat.]
                  | [mutagenic glow]
 43038 | Shoals:2 | Lost mutation: [You tend to lose your temper in combat.]
                  | [potion of mutation]
 43038 | Shoals:2 | Gained mutation: [Scrolls take you a little longer to
                  | read.] [potion of mutation]
 43038 | Shoals:2 | Gained mutation: [Your magical capacity is low. (-10% MP)]
                  | [potion of mutation]
 43038 | Shoals:2 | Gained mutation: You can translocate small distances at
                  | will. [potion of mutation]
 43039 | Shoals:2 | Lost mutation: [Scrolls take you a little longer to read.]
                  | [potion of mutation]
 43039 | Shoals:2 | Lost mutation: [Your magical capacity is low. (-10% MP)]
                  | [potion of mutation]
 43039 | Shoals:2 | Lost mutation: You can translocate small distances at will.
                  | [potion of mutation]
 43039 | Shoals:2 | Gained mutation: You are weak. (Str -2) [potion of
                  | mutation]
 43039 | Shoals:2 | Gained mutation: Your skin changes colour to match your
                  | surroundings (Stealth+). [potion of mutation]
 43039 | Shoals:2 | Gained mutation: You are resistant to electric shocks.
                  | (rElec) [potion of mutation]
 43745 | Shoals:3 | Found the +7 sceptre of Torment {pain, torment}
 43777 | Shoals:3 | Got a barnacled rune of Zot
 44280 | Shoals:3 | Reached skill level 5 in Maces & Flails
 45034 | Vaults:1 | Entered Level 1 of the Vaults
 45396 | Orc      | Bought a book of Death for 910 gold pieces
 45408 | Orc      | Learned a level 6 spell: Borgnjor's Vile Clutch
 45747 | Vaults:1 | Reached skill level 1 in Necromancy
 45842 | Vaults:1 | Reduced skill Long Blades to level 5
 46564 | Vaults:1 | Reached skill level 10 in Maces & Flails
 46590 | Vaults:1 | Reduced skill Long Blades to level 1
 46590 | Vaults:1 | Reached XP level 19. HP: 96/177 MP: 16/35
 47077 | Vaults:1 | Reached skill level 5 in Necromancy
 47169 | Vaults:1 | Found Gozag's Antique Weapon Shoppe.
 47175 | Vaults:1 | Found Gozag's Antique Armour Emporium.
 47184 | Vaults:1 | Found an opulent altar of Gozag.
 47299 | Vaults:1 | Found Gozag's Assorted Antiques.
 48871 | Vaults:2 | Reached skill level 1 in Earth Magic
 49600 | Vaults:2 | Found Dixtess's Assorted Antiques.
 49665 | Vaults:2 | Found a staircase to the Crypt.
 49665 | Vaults:2 | Found an ancient bone altar of Kikubaaqudgha.
 49666 | Vaults:2 | Found a basalt altar of Yredelemnul.
 49985 | Vaults:2 | Learned a level 6 spell: Simulacrum
 50228 | Vaults:2 | Reached XP level 20. HP: 184/184 MP: 17/36
 50640 | Elf:1    | Entered Level 1 of the Elven Halls
 50640 | Elf:1    | Identified the cursed +0 medium shield of Hadjma {*Contam
                  | MR+ Str+6}
 50640 | Elf:1    | Noticed Asterion
 50655 | Elf:1    | Killed Asterion
 50783 | Elf:1    | Found Ycsosi's General Store.
 50790 | Elf:1    | Bought a lightning rod (4/4) for 560 gold pieces
 50926 | Elf:1    | Reached skill level 10 in Necromancy
 50959 | Elf:1    | Reached skill level 1 in Ice Magic
 51011 | Elf:1    | Identified the Handbook of Creative Attacks
 51669 | Elf:2    | Found Luguann's Assorted Antiques.
 51951 | Elf:2    | Cast into level 1 of the Abyss (a deep elf sorcerer)
 51979 | Abyss:1  | Found a corrupted altar of Lugonu.
 52069 | Abyss:1  | Noticed a profane servitor
 52117 | Abyss:1  | Found a hide-covered altar of Uskayaw.
 52178 | Elf:2    | Escaped the Abyss
 52514 | Elf:2    | Found a runed gate.
 52515 | Elf:2    | Found a runed gate.
 52515 | Elf:2    | Found a runed gate.
 52589 | Elf:3    | Entered Level 3 of the Elven Halls
 53194 | Elf:3    | Learned a level 5 spell: Freezing Cloud
 53223 | Elf:3    | Identified the +1 ring mail of Day {rElec rF++ rC- Slay+2}
 53237 | Elf:3    | Found the +1 giant club "Skullcrusher" {antimagic, -Cast
                  | *Drain rN+ MR+ AC+6}
 53251 | Elf:3    | Identified the ring "Hanwostra" {+Blink +Fly rF+ Dex-4}
 53547 | Elf:3    | Learned a level 6 spell: Death Channel
 53896 | Elf:3    | Identified Pynletae's Disquisition on Aerial Conjuration
 53913 | Elf:3    | Identified the +2 leather armour of Repulsion {Str+2 Dex+4}
 54550 | Depths:1 | Entered Level 1 of the Depths
 54564 | Depths:1 | Found a gateway to Hell.
 54650 | Depths:1 | Found a shimmering blue altar of Sif Muna.
 55089 | Depths:1 | Reached XP level 21. HP: 192/192 MP: 15/37
 55198 | Depths:1 | Lost mutation: You are resistant to electric shocks.
                  | (rElec) [potion of mutation]
 55198 | Depths:1 | Lost mutation: Your skin changes colour to match your
                  | surroundings (Stealth+). [potion of mutation]
 55198 | Depths:1 | Gained mutation: Your flesh is cold resistant. (rC+)
                  | [potion of mutation]
 55198 | Depths:1 | Gained mutation: You passively map a small area around you.
                  | [potion of mutation]
 55198 | Depths:1 | Gained mutation: You are agile. (Dex +2) [potion of
                  | mutation]
 55200 | Depths:1 | Lost mutation: Your flesh is cold resistant. (rC+) [potion
                  | of mutation]
 55200 | Depths:1 | Lost mutation: You are weak. (Str -2) [potion of mutation]
 55200 | Depths:1 | Lost mutation: You are agile. (Dex +2) [potion of mutation]
 55200 | Depths:1 | Gained mutation: You expend magic power (3 MP) to
                  | strengthen your wands. [potion of mutation]
 55200 | Depths:1 | Gained mutation: Your body sometimes deteriorates upon
                  | taking damage. [potion of mutation]
 55200 | Depths:1 | Gained mutation: Your mind is acute. (Int +2) [potion of
                  | mutation]
 55271 | Depths:1 | Learned a level 7 spell: Haunt
 55428 | Depths:1 | Reached skill level 1 in Summonings
 55919 | Depths:1 | Identified the ring "Ditte" {rF+ MR+ rCorr SInv}
 56358 | Depths:1 | Identified the Collected Works on the Glacier and Poison
 56598 | Depths:1 | Noticed an ancient lich
 56763 | Depths:2 | Noticed a greater mummy
 56763 | Depths:2 | Noticed a greater mummy
 56764 | Depths:2 | Noticed a greater mummy
 57495 | Depths:2 | Found Osaol's Gadget Emporium.
 57497 | Depths:2 | Found Lodghiargh's Jewellery Shop.
 57504 | Depths:2 | Found Xucuve's Gadget Emporium.
 58035 | Depths:3 | Found a gateway to a ziggurat.
 58443 | Depths:3 | Noticed a rockslime
 58443 | Depths:3 | Found a one-way gate to the infinite horrors of the Abyss.
 58969 | Depths:3 | Noticed a rockslime
 59170 | Depths:3 | Reached XP level 22. HP: 200/200 MP: 37/39
 59251 | Depths:3 | Reached skill level 18 in Fighting
 59735 | Depths:3 | Reached skill level 15 in Maces & Flails
 59768 | Depths:3 | Found a one-way gate leading to the halls of Pandemonium.
 59899 | Depths:3 | Found a glowing golden altar of the Shining One.
 59915 | Depths:3 | Found a glowing silver altar of Zin.
 59915 | Depths:3 | Found a white marble altar of Elyvilon.
 60325 | Depths:4 | Noticed a golden dragon
 60327 | Depths:4 | Noticed a Killer Klown
 60365 | Depths:4 | Noticed a juggernaut
 60432 | Depths:4 | Killed a juggernaut
 60621 | Depths:4 | Killed a Killer Klown
 60635 | Depths:4 | Noticed a Killer Klown
 60673 | Depths:4 | Killed a Killer Klown
 60925 | Depths:4 | Reached skill level 5 in Summonings
 60971 | Depths:4 | Noticed a golden dragon
 60997 | Depths:4 | Killed a golden dragon
 61312 | Depths:4 | Found Niuzerye's Assorted Antiques.
 61430 | Depths:4 | Killed a golden dragon
 61431 | Depths:4 | Reached skill level 10 in Evocations
 61780 | Depths:4 | Found Piqyont's Weapon Shop.
 62330 | Depths:4 | Noticed a Killer Klown
 62332 | Depths:4 | Found Uteol's Gadget Boutique.
 62866 | Depths:5 | Entered Level 5 of the Depths
 62868 | Depths:5 | Noticed a Killer Klown
 63284 | Orc      | Bought a book of the Earth for 845 gold pieces
 63284 | Orc      | Bought a manual of Fighting for 1435 gold pieces
 64220 | Shoals:1 | Bought the ring "Coqisoy" {Wiz rN+++ Dex-5 Slay+4 SInv} for
                  | 738 gold pieces
 64644 | Crypt:1  | Entered Level 1 of the Crypt
 65048 | Crypt:1  | Reached skill level 19 in Fighting
 65573 | Crypt:1  | Reached skill level 5 in Earth Magic
 65648 | Crypt:1  | Reached XP level 23. HP: 195/213 MP: 23/41
 66427 | Crypt:2  | Entered Level 2 of the Crypt
 67551 | Crypt:2  | Found an ancient bone altar of Kikubaaqudgha.
 67551 | Crypt:2  | Noticed an ancient lich
 67611 | Crypt:2  | HP: 2/213 [ancient lich/crystal spear (60)]
 67618 | Crypt:2  | Killed an ancient lich
 68012 | Crypt:2  | Identified the ring "Qysijaav" {rPois rN+}
 68012 | Crypt:2  | Identified the ring "Ligarchu" {*Slow rPois rN+ MR+ Int+8}
 68012 | Crypt:2  | Identified the ring "Iwiad" {rN+ Str+2}
 68787 | Crypt:2  | Reached skill level 20 in Fighting
 68814 | Crypt:2  | Identified the +5 shortbow "Grim Tooth" {flame, +Blink rF+
                  | MR+ Stlth+}
 69393 | Crypt:2  | Found a staircase to the Tomb.
 70046 | Crypt:2  | Learned a level 3 spell: Stone Arrow
 70383 | Crypt:2  | Identified a scroll of acquirement
 70652 | Vaults:2 | Identified the cursed +8 great mace of Fragile Peace
                  | {freeze, +Blink Str+3} (You acquired it on level 2 of the
                  | Vaults)
 70652 | Vaults:2 | Identified the cursed +6 medium shield "Ucas" {rPois rF+
                  | Regen+ Str-2} (You acquired it on level 2 of the Vaults)
 70652 | Vaults:2 | Identified the cursed amulet "Wuosehim" {Faith *Drain rElec
                  | rF+} (You acquired it on level 2 of the Vaults)
 71467 | Slime:1  | Entered Level 1 of the Pits of Slime
 71699 | Slime:1  | Reached skill level 15 in Spellcasting
 71920 | Slime:1  | Learned a level 6 spell: Iron Shot
 71942 | Slime:1  | Reached skill level 21 in Fighting
 73482 | Slime:4  | Reached skill level 10 in Earth Magic
 73513 | Slime:4  | Reached XP level 24. HP: 231/231 MP: 27/42
 73701 | Slime:4  | Reached skill level 22 in Fighting
 74523 | Depths:3 | Voluntarily entered the Abyss.
 74558 | Abyss:2  | Identified the amulet "Vazeabbi" {Inacc rC+ Dex-2 SInv}
 74649 | Abyss:2  | Found a snail-covered altar of Cheibriados.
 74756 | Abyss:2  | Found a radiant altar of Vehumet.
 75008 | Abyss:2  | Found a corrupted altar of Lugonu.
 75082 | Abyss:2  | Found a sparkling altar of Nemelex Xobeh.
 75500 | Abyss:3  | Found a corrupted altar of Lugonu.
 75741 | Depths:3 | Escaped the Abyss
 75789 | Depths:3 | Learned a level 6 spell: Statue Form
 76592 | Depths:3 | Voluntarily entered the Abyss.
 76672 | Abyss:3  | Reached skill level 1 in Transmutations
 77031 | Abyss:3  | Got an abyssal rune of Zot
 77299 | Abyss:3  | HP: 8/241 [starcursed mass/accursed screaming (7)]
 77299 | Abyss:3  | Slain by a bone dragon

Skill      XL: |  1  2  3  4  5  6  7  8  9 10 11 12 13 14 15 16 17 18 19 20 21 22 23 24 |
---------------+-------------------------------------------------------------------------+-----
Conjurations   | 2 3 4 5 8 |  8.2
Spellcasting   | 3 4 7 9 10 11 12 13 14 15 | 15.1
Fire Magic     | 4 6 8 10 14 16 | 16.1
Fighting       | 1 5 7 9 11 13 14 15 16 17 19 21 22 | 22.7
Long Blades    | 1 4 6 7 9 10 1 0 |  0.0
Dodging        | 2 4 5 6 8 9 10 11 13 | 13.9
Evocations     | 4 5 8 9 10 | 10.3
Shields        | 3 6 8 9 11 12 13 | 13.7
Charms         | 1 |  1.8
Air Magic      | 1 |  1.8
Maces & Flails | 10 13 14 15 | 15.5
Necromancy     | 4 9 13 14 | 14.3
Earth Magic    | 3 5 10 14 | 14.2
Ice Magic      | 3 |  3.6
Summonings     | 3 5 |  5.8
Transmutations | 2 |  2.4
Stealth        | |  2.0

Action                   |  1- 3 |  4- 6 |  7- 9 | 10-12 | 13-15 | 16-18 | 19-21 | 22-24 || total
-------------------------+-------+-------+-------+-------+-------+-------+-------+-------++-------
Melee: Unarmed           |     3 |       |       |       |       |       |       |       ||     3
       Dagger            |    21 |    80 |   151 |       |       |       |       |       ||   252
       Tailslap          |     3 |     5 |    12 |    30 |   125 |   149 |    58 |    99 ||   481
       Falchion          |       |       |    36 |   230 |   896 |       |       |       ||  1162
       Scimitar          |       |       |       |       |    93 |   797 |       |       ||   890
       Demon blade       |       |       |       |       |       |   309 |       |       ||   309
       Eveningstar       |       |       |       |       |       |   152 |   498 |   953 ||  1603
       Demon whip        |       |       |       |       |       |     7 |    19 |       ||    26
       Staff             |       |       |       |       |       |       |    23 |     5 ||    28
Throw: Throwing net      |       |       |       |       |       |     1 |       |       ||     1
 Cast: Flame Tongue      |    74 |    85 |   120 |   251 |    78 |     4 |       |       ||   612
       Sticky Flame      |       |     5 |     9 |    57 |    87 |     9 |     2 |       ||   169
       Fireball          |       |       |     5 |    22 |   257 |   102 |    69 |    55 ||   510
       Conjure Flame     |       |       |     4 |    16 |     4 |     1 |       |       ||    25
       Ignition          |       |       |       |       |    18 |   106 |   119 |   186 ||   429
       Spectral Weapon   |       |       |       |       |       |    25 |     2 |       ||    27
       Deflect Missiles  |       |       |       |       |       |     1 |       |     1 ||     2
       Borgnjor's Vile C |       |       |       |       |       |       |    35 |    72 ||   107
       Simulacrum        |       |       |       |       |       |       |     7 |       ||     7
       Death Channel     |       |       |       |       |       |       |    10 |     5 ||    15
       Freezing Cloud    |       |       |       |       |       |       |     7 |       ||     7
       Regeneration      |       |       |       |       |       |       |     4 |    17 ||    21
       Haunt             |       |       |       |       |       |       |    38 |   120 ||   158
       Iron Shot         |       |       |       |       |       |       |       |    15 ||    15
       Statue Form       |       |       |       |       |       |       |       |     1 ||     1
Invok: Curse Item        |       |     4 |     2 |     2 |     3 |     2 |       |       ||    13
       Scrying           |       |       |       |     2 |     6 |     5 |     5 |     4 ||    22
       Transfer Knowledg |       |       |       |       |       |     3 |       |       ||     3
 Abil: Breathe Fire      |       |       |    18 |    15 |     3 |     1 |       |       ||    37
Evoke: Wand              |     4 |       |     5 |     3 |     7 |     7 |     2 |     1 ||    29
       Phial of floods   |       |       |       |       |     1 |     2 |       |       ||     3
       Lamp of fire      |       |       |       |       |       |     1 |       |     1 ||     2
       Lightning rod     |       |       |       |       |       |       |     4 |       ||     4
  Use: Scroll            |     4 |     2 |     3 |     6 |    20 |    20 |    13 |    11 ||    79
       Potion            |       |     1 |     1 |       |     3 |    13 |     7 |    12 ||    37
 Stab: Sleeping          |       |       |     1 |     1 |     9 |     6 |     2 |     1 ||    20
       Distracted        |       |       |       |       |     3 |     4 |     6 |     5 ||    18
       Invisible         |       |       |       |       |       |       |     2 |       ||     2
  Eat: Chunk             |     5 |    11 |    18 |    32 |    64 |    26 |    28 |    28 ||   212
       Ration            |       |       |     2 |     5 |     8 |    20 |    10 |    20 ||    65
Armor: Skin              |    20 |    46 |    62 |    41 |   142 |   205 |   162 |   394 ||  1072
Dodge: Dodged            |    61 |    77 |   138 |   173 |   487 |   563 |   438 |   816 ||  2753
       Deflected         |       |       |       |       |       |    31 |    88 |    78 ||   197
Block: Other             |       |       |     2 |     1 |       |       |       |       ||     3
       Buckler           |       |       |       |   124 |   568 |   698 |   410 |   769 ||  2569
       Reflection        |       |       |       |       |    30 |   120 |    55 |    17 ||   222
